 Dungeon Crawl Stone Soup version 0.18-a0-23-g19353e1 (webtiles) character file.

2596 Duffy the Cleaver (level 9, -1/48 HPs)
             Began as a Vine Stalker Fighter on Nov 2, 2015.
             Was a Follower of Cheibriados.
             Slain by a killer bee (2 damage)
             ... on level 8 of the Dungeon.
             The game lasted 00:07:46 (5587 turns).

Duffy the Cleaver (Vine Stalker Fighter)            Turns: 5587, Time: 00:07:46

Health: -1/48      AC: 16    Str: 33    XL:     9   Next: 59%
Magic:  0/19       EV:  8    Int: 13    God:    Cheibriados [*.....]
Gold:   305        SH:  0    Dex: 16    Spells: 0 memorised, 8 levels left

rFire  . . .     SeeInvis .     O - +0 battleaxe
rCold  . . .     Clarity  +     u - +0 plate armour
rNeg   . . .     SustAt   .     (shield currently unavailable)
rPois  .         Gourm    .     y - +0 helmet
rElec  .         Spirit   +     l - +0 cloak
rCorr  .         Warding  .     B - +0 pair of gloves
rMut   .         Stasis   .     K - +0 pair of boots
MR     +....                    I - amulet of clarity
Stlth  ..........               j - ring of magical power
                                L - +4 ring of strength

@: mighty, lethally poisoned (-1 -> -3), very slow, somewhat resistant to
hostile enchantments, extremely unstealthy
A: fangs 3, regeneration 2, magic shield, antimagic bite, no device heal 3, rot
immunity
a: Bend Time, Renounce Religion


You were on level 8 of the Dungeon.
You worshipped Cheibriados.
Cheibriados was aware of your devotion.
You were not hungry.

You visited 2 branches of the dungeon, and saw 9 of its levels.
You also visited: Ossuary.

You collected 305 gold pieces.


Innate Abilities, Weirdness & Mutations

You have razor-sharp teeth.
You heal very quickly.
When hurt, damage is shared between your health and your magic reserves.
Your bite disrupts and absorbs the magic of your enemies.
Potions and wands cannot restore your health.
You are immune to rotting.


   Skills:
 + Level 6.2 Fighting
 + Level 9.6 Axes
 + Level 4.2 Armour
   Level 2.6 Shields


You had 8 spell levels left.
You didn't know any spells.

Inventory:

Hand Weapons
 a - a +0 war axe
 q - a +0 blowgun
 D - a +0 blowgun
 O - a +0 battleaxe (weapon)
Missiles
 m - 182 stones (quivered)
 E - 3 curare-tipped needles
 J - 22 poisoned needles
Armour
 l - a +0 cloak (worn)
 p - a +2 scale mail of magic resistance
 u - a +0 plate armour (worn)
 y - a +0 helmet (worn)
 B - a +0 pair of gloves (worn)
 K - a +0 pair of boots (worn)
Jewellery
 j - a ring of magical power (right hand)
 I - an amulet of clarity (around neck)
 L - a +4 ring of strength (left hand)
Wands
 k - a wand of polymorph (2)
 N - a wand of frost (0)
Scrolls
 b - 2 scrolls of enchant weapon {unknown}
 g - 5 scrolls of identify
 h - 3 scrolls of recharging {unknown}
 i - a scroll of enchant armour {unknown}
 o - 5 scrolls of teleportation
 r - 2 scrolls of fear {unknown}
 w - 4 scrolls of remove curse
 z - a scroll of random uselessness {unknown}
 A - a scroll of fog {unknown}
 C - 2 scrolls of immolation {unknown}
 H - a scroll of amnesia {unknown}
Potions
 c - a potion of resistance {unknown}
 d - a potion of might
 t - 9 potions of curing
 v - 2 potions of degeneration {unknown}
 x - 2 potions of brilliance {unknown}
 F - 2 potions of invisibility {unknown}
 G - 3 potions of flight {unknown}
 P - a potion of mutation {unknown}
 Q - a potion of heal wounds {unknown}
Comestibles
 e - 3 bread rations
 f - 5 fruits
 n - 3 beef jerkies
 s - 2 meat rations
 M - 3 royal jellies

Dungeon Overview and Level Annotations

Branches:
Dungeon (8/15)             Temple (1/1) D:7
   Lair: D:8-11

Altars:
Ashenzari
Cheibriados
Dithmenos
Elyvilon
Fedhas
Gozag
Kikubaaqudgha
Makhleb
Nemelex Xobeh
Okawaru
Qazlal
Ru
Sif Muna
Trog
Vehumet
Yredelemnul
Zin
The Shining One


Message History

The killer bee is heavily wounded.
You feel sick.
The killer bee stings you but does no damage. x2
You miss the killer bee. You bite the killer bee. You drain its power.
You kill the killer bee!
Cheibriados thoroughly appreciates the change of pace.
You feel sick.
You slash the orc!
You kill the orc!
Cheibriados appreciates the change of pace.
You feel sick.
The orc priest looks braver for a moment.
The adder bites you.
An orc comes into view. It is wielding a falchion.
The orc shouts!
You slash the orc!
You kill the orc!
Cheibriados appreciates the change of pace.
You slash the adder!
You kill the adder!
Cheibriados thoroughly appreciates the change of pace.
You feel sick. The killer bee stings you. The killer bee closely misses you.
Your plate armour prevents you from hitting the killer bee.
Your bite misses the killer bee.
You feel sick.
The killer bee stings you but does no damage.
The orc priest invokes the aid of Beogh against you.
Something smites you!
The killer bee stings you but does no damage.
The orc priest calls down the wrath of Beogh upon you.
Something smites you!
Your plate armour prevents you from hitting the killer bee.
Your bite misses the killer bee.
You feel sick.
The killer bee stings you but does no damage.
The killer bee stings you.
You die...

...........##
..........## ##
..........###..
.!.......##....
...............
............#..
..........##...
.........## ..
........@# .
..###.##y# ##
#.#


yyo #. #.yoD #. #..### .... ..## ... You could see a queen bee, a steam dragon,
3 killer bees, an orc priest and an orc.

Action                   |  1- 3 |  4- 6 |  7- 9 || total
-------------------------+-------+-------+-------++-------
Melee: War axe           |    77 |   150 |   204 ||   431
       Battleaxe         |       |       |   160 ||   160
  Use: Scroll            |       |       |     4 ||     4
       Potion            |       |       |     1 ||     1
  Eat: Chunk             |       |     4 |    12 ||    16

Notes
Turn   | Place    | Note
--------------------------------------------------------------
     0 | D:1      | Duffy the Vine Stalker Fighter began the quest for the Orb.
     0 | D:1      | Reached XP level 1. HP: 11/11 MP: 2/2
    62 | D:1      | Reached skill level 2 in Axes
   168 | D:1      | Reached XP level 2. HP: 14/16 MP: 3/3
   397 | D:1      | Reached skill level 3 in Axes
   592 | D:1      | Reached XP level 3. HP: 19/19 MP: 4/4
   818 | D:2      | Noticed Terence
   828 | D:2      | Killed Terence
   828 | D:2      | Reached XP level 4. HP: 15/23 MP: 5/5
   870 | D:2      | Reached skill level 4 in Axes
  1034 | D:2      | Found a glowing silver altar of Zin.
  1399 | D:2      | Reached XP level 5. HP: 25/27 MP: 6/6
  1653 | D:3      | Noticed Jessica
  1658 | D:3      | Killed Jessica
  1753 | D:3      | Noticed Uberwunderbarhen's ghost (amateur OpFi)
  1755 | D:3      | Reached skill level 5 in Axes
  1761 | D:3      | Killed Uberwunderbarhen's ghost
  1761 | D:3      | Gained mutation: You heal very quickly. [Vine Stalker growth]
  1761 | D:3      | Reached XP level 6. HP: 20/32 MP: 7/7
  1799 | D:3      | Noticed Natasha
  1803 | D:3      | Killed Natasha
  1803 | D:3      | Reached skill level 6 in Axes
  1849 | D:3      | Noticed Natasha
  1855 | D:3      | Killed Natasha
  1909 | D:3      | Found a sparkling altar of Nemelex Xobeh.
  1924 | D:3      | Found a basalt altar of Yredelemnul.
  1993 | D:3      | Noticed Natasha
  1999 | D:3      | Killed Natasha
  2306 | D:4      | Reached XP level 7. HP: 25/35 MP: 8/8
  2497 | D:4      | Reached skill level 7 in Axes
  2828 | D:5      | Entered Level 5 of the Dungeon
  3031 | D:5      | Found a bloodstained altar of Trog.
  3031 | D:5      | Found an iron altar of Okawaru.
  3192 | D:5      | Found a burning altar of Makhleb.
  3193 | D:5      | Found a radiant altar of Vehumet.
  3254 | D:5      | Reached skill level 8 in Axes
  3534 | D:5      | Noticed Nopony's ghost (novice DEWz)
  3556 | D:5      | Killed Nopony's ghost
  3556 | D:5      | Reached skill level 3 in Fighting
  3556 | D:5      | Gained mutation: You have razor-sharp teeth. [Vine Stalker growth]
  3556 | D:5      | Reached XP level 8. HP: 38/40 MP: 9/9
  3667 | D:5      | Reached skill level 3 in Armour
  3858 | D:6      | Found a sand-covered staircase.
  3876 | Ossuary  | Entered an ossuary
  3969 | Ossuary  | Reached skill level 4 in Fighting
  4254 | D:6      | Found an opulent altar of Gozag.
  4693 | D:7      | Found a shadowy altar of Dithmenos.
  4707 | D:7      | Reached skill level 5 in Fighting
  4769 | D:7      | Reached skill level 9 in Axes
  4769 | D:7      | Reached XP level 9. HP: 43/47 MP: 10/10
  4815 | D:7      | Found a staircase to the Ecumenical Temple.
  4829 | Temple   | Entered the Ecumenical Temple
  4836 | Temple   | Became a worshipper of Cheibriados the Contemplative
  5462 | D:8      | Reached * piety under Cheibriados
  5551 | D:8      | Reached skill level 6 in Fighting
  5564 | D:8      | Reached skill level 4 in Armour
  5587 | D:8      | Slain by a killer bee

Vault maps used:
D:1:      scummos_arrival_gate
D:2:      nicolae_overflow_hidden_temple, uniq_terence
D:3:      lemuel_round_altar, nicolae_overflow_crystal_walls, uniq_natasha,
          uniq_jessica
D:4:      first_bread, serial_bayou_pond_d, minmay_misc_feat_x, minivault_1,
          feat_on_display
D:5:      black_bear_nest_1, grunt_temple_overflow_lords_of_destruction,
          grunt_temple_overflow_bloody_war, small_statue_alley_b
D:6:      kennysheep_steamy, grunt_gozag_statues, nicolae_ossuary_entry_monument
D:7:      grunt_dithmenos_smoke, minmay_temple_entry_statues_fountains
D:8:      david_nohive_1
Temple:   nicolae_temple_no_exploring_needed
Ossuary:  ossuary_tomb_2

Vanquished Creatures
  The ghost of Nopony the Magician, a novice DEWz of Gozag
  The ghost of Uberwunderbarhen the Ducker, an amateur OpFi
  2 black bears
  2 phantoms
  A centaur
  2 ogres
  A giant frog
  A water moccasin zombie
  A scorpion
  10 killer bees
  2 crimson imps
  3 hounds
  An iguana
  An orc priest
  4 jellies
  3 orc wizards Jessica
  2 worker ants
  Terence Natasha (thrice)
  A centaur skeleton
  3 big kobold zombies
  2 hound zombies
  A hound skeleton
  2 mummies
  A gnoll
  14 adders
  3 shadow imps
  3 oozes
  4 adder zombies
  3 adder skeletons
  5 worms
  A giant gecko
  14 orcs
  A ball python
  3 giant cockroaches
  11 goblins
  15 hobgoblins
  15 jackals
  3 quokkas
  6 bats
  A giant gecko zombie
  6 giant newts
  3 gnoll zombies
  7 hobgoblin zombies
  A jackal skeleton
  7 kobolds
  6 kobold zombies
  7 orc zombies
  A quokka skeleton
  11 rats
204 creatures vanquished.
